 Dungeon Crawl Stone Soup version 0.28.0 (webtiles) character file.

Game seed: 4217141429856944223

365 a3don the Stinger (level 6, 0/48 HPs)
             Began as a Draconian Venom Mage on Feb 16, 2022.
             Succumbed to a gnoll's curare-tipped dart
             ... on level 5 of the Dungeon.
             The game lasted 00:08:56 (4888 turns).

a3don the Stinger (Draconian Venom Mage)            Turns: 4888, Time: 00:08:56

Health: 0/48       AC:  7    Str: 10    XL:     6   Next: 40%
Magic:  3/10       EV: 12    Int: 17    God:
Gold:   169        SH:  0    Dex: 12    Spells: 5/11 levels left

rFire   . . .      SeeInvis .   c - +0 dagger
rCold   . . .      Faith    .   (no shield)
rNeg    . . .      Spirit   .   (armour unavailable)
rPois   .          Reflect  .   (helmet restricted)
rElec   .          Harm     .   f - +0 cloak
rCorr   .          Rampage  .   (no gloves)
Will    .....                   (no boots)
Stlth   ++........              (no amulet)
HPRegen 0.16/turn               (no ring)
MPRegen 0.12/turn               (no ring)

@: lethally poisoned (0 -> -28), slowed, very slow
A: AC +6, unfitting armour, cold-blooded
a: no special abilities


You were on level 5 of the Dungeon.
You visited 1 branch of the dungeon, and saw 5 of its levels.

You collected 169 gold pieces.

Inventory:

Hand Weapons
 a - a +0 club
 c - a +0 dagger (weapon)
Missiles
 d - 18 stones
 g - 11 poisoned darts
Armour
 f - a +0 cloak (worn)
Wands
 l - a wand of charming (9)
Scrolls
 h - a scroll of brand weapon {unknown}
 i - a scroll of teleportation {unknown}
 j - 2 scrolls of magic mapping
 k - a scroll of vulnerability {unknown}
 n - a scroll of fear {unknown}
Potions
 b - 3 potions of curing
 e - 2 potions of flight {unknown}
 m - a potion of invisibility {unknown}
 o - a potion of mutation {unknown}


   Skills:
 + Level 2.1 Fighting
 + Level 2.8 Dodging
 + Level 3.2 Stealth
 + Level 3.0 Spellcasting
 + Level 0.1 Conjurations
 + Level 2.6 Transmutations
 + Level 1.2 Air Magic
 * Level 4.0 Poison Magic


You had 5 spell levels left.
You knew the following spells:

 Your Spells              Type           Power      Damage    Failure   Level
a - Sting                 Tmut/Pois      56%        1d5       4%          1
b - Poisonous Vapours     Pois/Air       22%        N/A       9%          2
c - Mephitic Cloud        Conj/Pois/Air  8%         N/A       24%         3

Your spell library contained the following spells:

 Spells                   Type           Power      Damage    Failure   Level
 Olgreb's Toxic Radiance  Pois           16%        N/A       32%         4


Dungeon Overview and Level Annotations

Branches:
Dungeon (5/15)
 Temple: D:4-7

Altars:
Cheibriados

Annotations:
D:3 Grinder


Innate Abilities, Weirdness & Mutations

Your plain brown scales are hard. (AC +6)
You cannot fit into any form of body armour.
You are cold-blooded and may be slowed by cold attacks.


Message History

The adder closely misses you.
Casting: Sting (safe; 4% risk of failure)
Confirm with . or Enter, or press ? or * to list all spells.
Aiming: Poisonous Vapours (safe; 9% risk of failure)
Press: ? - help, Dir - move target, f - gnoll, p - adder
Aim: a gnoll, wielding a +2 flail of protection and quivering curare-tipped darts Poisonous vapours surround the gnoll!
The gnoll is poisoned.
The gnoll throws a curare-tipped dart.
The curare-tipped dart misses you. The adder bites you but does no damage.
You closely miss the adder.
The adder is almost dead.
The adder barely misses you.
The gnoll throws a curare-tipped dart.
The curare-tipped dart hits you.
You are poisoned.
You have difficulty breathing.
You feel yourself slow down.
You hit the adder.
You kill the adder!
You feel very sick.
You feel very sick.
You feel very sick.
You feel sick.
The gnoll looks more healthy.
The gnoll throws a curare-tipped dart.
The curare-tipped dart hits you.
You are more poisoned.
You have difficulty breathing.
You feel as though you will be slow longer.
Found a scroll labelled UTECAGOI RYALU.
You feel very sick.
The gnoll throws a curare-tipped dart.
The curare-tipped dart hits you.
You are lethally poisoned!
You have difficulty breathing.
* * * LOW HITPOINT WARNING * * *
You feel as though you will be slow longer.
You see here a scroll of magic mapping.
Casting: Poisonous Vapours (safe; 9% risk of failure)
Confirm with . or Enter, or press ? or * to list all spells.
Aiming: Poisonous Vapours (safe; 9% risk of failure)
Press: ? - help, Dir - move target, f/p - gnoll
Aim: a gnoll, wielding a +2 flail of protection and quivering curare-tipped darts (heavily wounded) Poisonous vapours surround the gnoll!
The gnoll is poisoned.
You die...

#.# #......#
#.###..
#.###...#.## #.#
#.
#.#..###..####.#
. #..#.#
#.......##
#.#g.###.........
#.#.#..<#########
#.#.##.##
#####.#.##.#
.......@.#.#
##.............
#.###...#.###. #
##.##... #.####.#
... .# #.. # #?.


You could see a gnoll (poisoned).

Vanquished Creatures
  A scorpion (D:5)
  3 hounds (D:4)
  2 iguanas
  2 hound skeletons
  A gnoll (D:5)
  4 adders
  A shadow imp (D:4)
  A white imp (D:5)
  An ufetubus (D:5)
  3 dart slugs
  7 ball pythons
  8 endoplasms
  3 giant cockroaches
  7 goblins
  6 hobgoblins
  9 jackals
  2 quokkas
  3 bats
  3 frilled lizards
  3 kobolds
  2 rats
72 creatures vanquished.

Vanquished Creatures (others)
  4 plants (D:1)
4 creatures vanquished.

Grand Total: 76 creatures vanquished

Notes
Turn   | Place    | Note
-------+----------+-------------------------------------------
     0 | D:1      | a3don the Draconian Venom Mage began the quest for the Orb.
     0 | D:1      | Reached XP level 1. HP: 14/14 MP: 3/3
   131 | D:1      | Reached XP level 2. HP: 6/20 MP: 0/5
   971 | D:1      | Reached XP level 3. HP: 22/26 MP: 1/6
  1033 | D:1      | Learned a level 2 spell: Poisonous Vapours
  1292 | D:1      | Found a faded altar of an unknown god.
  2123 | D:2      | Found a snail-covered altar of Cheibriados.
  2498 | D:3      | Reached XP level 4. HP: 21/34 MP: 3/7
  2767 | D:3      | Reached skill level 1 in Fighting
  2940 | D:3      | Noticed Grinder
  3272 | D:4      | Reached XP level 5. HP: 40/40 MP: 1/9
  3442 | D:4      | Learned a level 3 spell: Mephitic Cloud
  4474 | D:5      | Entered Level 5 of the Dungeon
  4515 | D:5      | Reached skill level 1 in Air Magic
  4515 | D:5      | Reached XP level 6. HP: 46/48 MP: 7/10
  4742 | D:5      | Reached skill level 4 in Poison Magic
  4888 | D:5      | Succumbed to a gnoll's curare-tipped dart

Illustrated notes

Levels and vault maps discovered:
D:1:      lightli_arrival_statuegarden, layout_basic, serial_forest,
          infiniplex_forest_clump_long, infiniplex_forest_clump_medium,
          infiniplex_forest_lined_room_3, infiniplex_forest_zigzag_1,
          infiniplex_forest_join, infiniplex_forest_clump_tiny,
          infiniplex_forest_side_room, shapermc_ecumenical_altar_mp_ritualfount
D:2:      layout_rooms, basic_altar, hangedman_decor_clover_reticule
D:3:      layout_loops_corners, nicolae_dithmenos_the_darkroom, uniq_grinder
D:4:      layout_layer_cave
D:5:      layout_loops_ring, uniq_edmund, uniq_blork_the_orc

Skill      XL: |  1  2  3  4  5  6 |
---------------+-------------------+-----
Stealth        | 2 3 |  3.2
Dodging        | 2 |  2.8
Fighting       | 1 2 |  2.1
Transmutations | 2 |  2.6
Air Magic      | 1 |  1.2
Spellcasting   | 3 |  3.0
Poison Magic   | 4 |  4.0
Conjurations   | |  0.1

Action                   |  1- 3 |  4- 6 || total
-------------------------+-------+-------++-------
Melee: Club              |    25 |       ||    25
       Tailslap          |     5 |     9 ||    14
       Unarmed           |     1 |       ||     1
       Dagger            |    32 |    66 ||    98
       Punch             |       |     2 ||     2
 Cast: Sting             |    54 |    26 ||    80
       Poisonous Vapours |    11 |    28 ||    39
  Use: Scroll            |     2 |       ||     2
Armor: Skin              |    28 |    29 ||    57
Dodge: Dodged            |    70 |    61 ||   131
